 Dungeon Crawl Stone Soup version 0.22.1-1-ga44c0e5 (webtiles) character file.

4437 whitewolfNL the Spear-Bearer (level 10, -5/84 HPs)
             Began as a Minotaur Berserker on Oct 16, 2018.
             Was a High Priest of Trog.
             Killed from afar by an orc sorcerer (13 damage)
             ... with a bolt of negative energy
             ... on level 1 of the Orcish Mines.
             The game lasted 01:18:27 (11617 turns).

whitewolfNL the Spear-Bearer (Minotaur Berserker)  Turns: 11617, Time: 01:18:33

Health: -5/84      AC: 24    Str: 22    XL:     10   Next: 14%
Magic:  10/10      EV:  8    Int:  4    God:    Trog [*****.]
Gold:   299        SH:  2    Dex: 13    Spells: 9/9 levels left

rFire    . . .     SeeInvis .   W - +2 flail "whitewolfNL's Death" {speed, rPois}
rCold    . . .     Gourm    .   (no shield)
rNeg     . . .     Faith    .   X - +0 plate armour
rPois    +         Spirit   .   (helmet restricted)
rElec    .         Reflect  +   G - +2 cloak {MR+}
rCorr    .         Harm     .   (no gloves)
MR       +....                  Q - +0 pair of boots
Stlth    ..........             t - +2 amulet of reflection
HPRegen  0.24/turn              q - +6 ring of protection
MPRegen  0.12/turn              d - ring of stealth

@: berserk cooldown, hasted and slowed, drained
A: retaliatory headbutt, horns 2
a: Berserk, Trog's Hand, Brothers in Arms, Renounce Religion


You were on level 1 of the Orcish Mines.
You worshipped Trog.
Trog was extremely pleased with you.
You were hungry.

You visited 2 branches of the dungeon, and saw 11 of its levels.

You collected 479 gold pieces.
You spent 180 gold pieces at shops.

Inventory:

Hand Weapons
 h - a +0 shortbow of freezing
 x - a +0 trident of flaming
 D - a +1 flail of venom
 N - a +2 war axe of electrocution
 R - a +0 blowgun
 W - the +2 flail "whitewolfNL's Death" (weapon) {speed, rPois}
   (You found it on level 9 of the Dungeon)

   Attacks with this weapon are significantly faster.
   It protects you from poison.
Missiles
 e - 188 arrows
 f - 234 stones
 l - 2 javelins (quivered)
 s - 50 bolts
 u - 35 poisoned needles
 I - 4 tomahawks of returning
Armour
 i - a +0 buckler
 G - a +2 cloak of magic resistance (worn)
 Q - a +0 pair of boots (worn)
 X - a +0 plate armour (worn)
Jewellery
 d - a ring of stealth (right hand)
 q - a +6 ring of protection (left hand)
 r - a +2 ring of evasion
 t - a +2 amulet of reflection (around neck)
 O - an uncursed ring of resist corrosion
 T - an uncursed ring of protection from fire
Wands
 z - a wand of acid (2)
 H - a wand of paralysis (35)
 J - a wand of iceblast (10)
 S - a wand of polymorph (8)
 U - a wand of flame (18)
Scrolls
 k - a scroll of magic mapping
 y - 5 scrolls of teleportation
 A - 2 scrolls of fog {unknown}
 B - 2 scrolls of enchant armour
 C - 4 scrolls of random uselessness {unknown}
 F - a scroll of vulnerability {unknown}
Potions
 a - 5 potions of lignification
 b - 3 potions of berserk rage {unknown}
 g - 7 potions of curing
 m - 2 potions of haste
 n - 3 potions of flight {unknown}
 p - 2 potions of brilliance
 w - a potion of heal wounds {unknown}
 L - a potion of might {unknown}


   Skills:
 + Level 6.5(6.0) Fighting
 * Level 5.6(5.1) Maces & Flails
 - Level 10.9(10.3) Polearms
 + Level 1.6(1.1) Throwing
 + Level 7.9(7.3) Armour
 * Level 5.0(4.5) Dodging
 * Level 4.8(4.3) Stealth
 * Level 2.3(1.8) Evocations


You had 9 spell levels left.
You didn't know any spells.
Your spell library contained the following spells:

 Spells                   Type           Power        Failure   Level  Hunger
 Magic Dart               Conj           #...         100%        1    ##.....
 Blink                    Tloc           N/A          100%        2    ###....
 Call Imp                 Summ           #.......     100%        2    ###....
 Slow                     Hex            #.......     100%        2    ###....
 Conjure Flame            Conj/Fire      #.......     100%        3    ####...
 Mephitic Cloud           Conj/Pois/Air  #.......     100%        3    ####...


Dungeon Overview and Level Annotations

Branches:
Dungeon (9/15)             Temple (0/1) D:6             Orc (2/2) D:9
   Lair: D:8-11         Elf: Orc:2

Altars:
Cheibriados
Dithmenos
Nemelex Xobeh
Qazlal
Yredelemnul
The Shining One
Beogh

Shops:
D:7 [   D:9 (((=


Innate Abilities, Weirdness & Mutations

You reflexively headbutt those who attack you in melee.
You have a pair of horns on your head.


Message History

* * * LOW HITPOINT WARNING * * *
You feel yourself speed up.
The orc no longer looks unusually strong.
The orc barely misses you.
The orc knight roars a battlecry!
The orc goes into a battle-frenzy!
The orc barely misses you.
Your surroundings suddenly seem different.
An orc warrior comes into view. It is wielding a glaive.
The orc warrior shouts!
An orc wizard comes into view. It is wielding a dagger.
The orc wizard shouts!
An orc comes into view. It is wielding a whip.
The orc shouts!
An orc sorcerer comes into view. It is wielding a dagger.
The orc sorcerer shouts!
You hear a shout! x2
An orc comes into view. It is wielding a flail.
The orc sorcerer casts a spell at you. The bolt of negative energy hits you!
You feel drained.
You die...

# # #. .#
#o##.
##....
#..o.o####
#.o..@..#
#..##....#
##..$.#
#.....#
#.....#
#..####
o... ...#


You could see an orc sorcerer, an orc warrior, an orc wizard and 2 orcs.

Vanquished Creatures
  A two-headed ogre (Orc:1)
  A troll (D:9)
  A hippogriff (D:9)
  Duvessa (D:6)
  3 orc warriors
  Purgy (D:3)
  A black bear (D:9)
  3 phantoms
  3 ogres
  5 centaurs
  6 big kobolds
  A gnoll sergeant (D:9)
  2 bullfrogs (D:7)
  Dowan (D:6)
  A scorpion (D:5)
  2 killer bees (D:8)
  4 howler monkeys
  4 crimson imps
  A bullfrog zombie (D:8)
  2 hounds (D:6)
  A jelly (D:7)
  A quasit (D:9)
  3 orc wizards
  A bullfrog skeleton (D:7)
  A centaur zombie (D:7)
  5 worker ants
  A hound zombie (D:5)
  A hound skeleton (D:7)
  Robin (D:2)
  11 gnolls
  11 adders
  4 shadow imps
  An ooze (D:1)
  4 leopard geckos
  33 orcs
  9 bats
  4 giant cockroaches
  16 goblins
  11 hobgoblins
  14 jackals
  11 kobolds
  4 quokkas
  3 frilled lizards
  6 rats
201 creatures vanquished.

Notes
Turn   | Place    | Note
-------+----------+-------------------------------------------
     0 | D:1      | whitewolfNL the Minotaur Berserker began the quest for the
                  | Orb.
     0 | D:1      | Reached XP level 1. HP: 19/19 MP: 0/0
   126 | D:1      | Reached skill level 4 in Polearms
   203 | D:1      | Reached XP level 2. HP: 27/27 MP: 1/1
   472 | D:1      | Reached ** piety under Trog
   475 | D:1      | Reached XP level 3. HP: 33/33 MP: 2/2
   801 | D:1      | Found a sparkling altar of Nemelex Xobeh.
  1171 | D:2      | Reached skill level 1 in Stealth
  1417 | D:2      | Reached XP level 4. HP: 35/40 MP: 3/3
  1685 | D:2      | Noticed Robin
  1700 | D:2      | Killed Robin
  2521 | D:3      | Noticed Purgy
  2537 | D:3      | Killed Purgy
  2537 | D:3      | Reached skill level 5 in Polearms
  2537 | D:3      | Reached XP level 5. HP: 39/47 MP: 4/4
  2795 | D:3      | Reached *** piety under Trog
  3745 | D:4      | Found a glowing golden altar of the Shining One.
  3803 | D:4      | Noticed a phantom
  3808 | D:4      | Killed a phantom
  3808 | D:4      | Reached skill level 6 in Polearms
  3808 | D:4      | Reached XP level 6. HP: 53/53 MP: 5/5
  5030 | D:5      | Entered Level 5 of the Dungeon
  5185 | D:5      | Found a basalt altar of Yredelemnul.
  5212 | D:5      | Reached XP level 7. HP: 60/60 MP: 6/6
  5219 | D:5      | Reached skill level 7 in Polearms
  5367 | D:5      | Reached skill level 5 in Armour
  5738 | D:5      | Found a stormy altar of Qazlal.
  5862 | D:5      | Paralysed by an orc for 4 turns
  6177 | D:5      | Reached skill level 5 in Fighting
  6460 | D:5      | Found a shadowy altar of Dithmenos.
  6732 | D:6      | Reached skill level 8 in Polearms
  6751 | D:6      | Found a staircase to the Ecumenical Temple.
  7071 | D:6      | Reached XP level 8. HP: 66/68 MP: 7/7
  7291 | D:6      | Noticed Duvessa
  7292 | D:6      | Noticed Dowan
  7300 | D:6      | Killed Duvessa
  7301 | D:6      | Killed Dowan
  7480 | D:6      | Found a snail-covered altar of Cheibriados.
  7801 | D:7      | Found Cuokhy's Antique Armour Boutique.
  7825 | D:7      | Bought an embroidered cloak for 180 gold pieces
  8019 | D:7      | Reached skill level 9 in Polearms
  8613 | D:8      | Reached **** piety under Trog
  8690 | D:8      | Reached skill level 10 in Polearms
  8900 | D:8      | Reached XP level 9. HP: 75/75 MP: 8/8
  9802 | D:8      | Reached ***** piety under Trog
  9974 | D:9      | Found Noyph's Antique Weapon Boutique.
 10164 | D:9      | Got a slimy flail
 10170 | D:9      | Identified the +2 flail "whitewolfNL's Death" {speed,
                  | rPois} (You found it on level 9 of the Dungeon)
 10431 | D:9      | Found Xecounny's Jewellery Emporium.
 10478 | D:9      | Found a staircase to the Orcish Mines.
 10478 | D:9      | Noticed a troll
 10481 | D:9      | Reached skill level 1 in Maces & Flails
 10500 | D:9      | Reached skill level 1 in Evocations
 10523 | D:9      | Killed a troll
 10937 | D:9      | Reached skill level 1 in Throwing
 11124 | D:9      | Found Lainey's Antique Weapon Shop.
 11146 | D:9      | Found Juischaps's Antique Weapon Shop.
 11485 | Orc:1    | Entered Level 1 of the Orcish Mines
 11485 | Orc:1    | Found a roughly hewn altar of Beogh.
 11485 | Orc:1    | Noticed a two-headed ogre
 11490 | Orc:1    | Killed a two-headed ogre
 11490 | Orc:1    | Reached skill level 5 in Maces & Flails
 11490 | Orc:1    | Reached skill level 5 in Dodging
 11490 | Orc:1    | Reached XP level 10. HP: 78/84 MP: 10/10
 11586 | Orc:2    | Entered Level 2 of the Orcish Mines
 11586 | Orc:2    | Noticed an orc knight
 11606 | Orc:2    | Received a gift from Trog
 11617 | Orc:1    | Noticed an orc sorcerer
 11617 | Orc:1    | Killed from afar by an orc sorcerer

Skill      XL: |  1  2  3  4  5  6  7  8  9 |
---------------+----------------------------+-----
Polearms       | 4 5 6 8 10 | 10.9
Fighting       | 4 5 6 |  6.5
Stealth        | 1 2 3 4 |  4.8
Armour         | 3 4 6 7 |  7.9
Dodging        | 3 5 |  5.0
Maces & Flails | 5 |  5.6
Evocations     | 2 |  2.3
Throwing       | 1 |  1.6

Action                   |  1- 3 |  4- 6 |  7- 9 | 10-12 || total
-------------------------+-------+-------+-------+-------++-------
Melee: Spear             |    91 |    27 |    61 |       ||   179
       Headbutt          |     5 |    16 |    57 |     8 ||    86
       Trident           |       |    88 |   155 |       ||   243
       Flail             |       |       |    80 |    23 ||   103
Throw: Tomahawk          |       |       |     7 |       ||     7
       Stone             |       |       |     2 |       ||     2
       Javelin           |       |       |    14 |       ||    14
       Throwing net      |       |       |     1 |       ||     1
Invok: Berserk           |     2 |     4 |     9 |     1 ||    16
       Trog's Hand       |       |       |     1 |       ||     1
Evoke: Wand              |       |       |     9 |     1 ||    10
       Box of beasts     |       |       |     1 |       ||     1
  Use: Scroll            |       |     8 |     7 |     1 ||    16
       Potion            |       |       |     2 |     2 ||     4
 Stab: Paralysed         |       |       |     3 |       ||     3
  Eat: Chunk             |     2 |     3 |    15 |       ||    20
       Ration            |     1 |     3 |     4 |       ||     8
Armor: Ring mail         |    42 |       |    28 |       ||    70
       Scale mail        |     1 |    53 |       |       ||    54
       Chain mail        |       |     6 |   117 |       ||   123
       Plate armour      |       |       |    25 |    14 ||    39
Dodge: Dodged            |    74 |    82 |   148 |    12 ||   316
Block: Other             |       |       |    12 |     4 ||    16
